IL
SYRACUSE CHIEFS @ TIDEWATER TIDES
08/24/1982
 
TOP OF THE 1ST
Syracuse Chiefs batting - Pitching for Tidewater Tides : RHP Gary Sarno
Pitching: RHP Gary Sarno
Batting: LHB Darryl Strawberry 0-0: Called Strike
0-1: Foul Ball, location: 2F
0-2: Foul Ball, location: 2F
0-2: Strikes out swinging
Batting: RHB Phil Garner 0-0: Fly out, F3 (Flyball, 34D, EV 91.3 MPH)
Batting: RHB Dave Meier 0-0: SINGLE (Line Drive, 89M, EV 109.4 MPH)
Batting: LHB Wayne Gross 0-0: Called Strike
0-1: Ball
1-1: Fly out, F9 (Flyball, 9, EV 97.5 MPH)
Top of the 1st over - 0 runs, 1 hit, 0 errors, 1 left on base; Syracuse 0 - Tidewater 0
BOTTOM OF THE 1ST
Tidewater Tides batting - Pitching for Syracuse Chiefs : RHP Mike Krukow
Pitching: RHP Mike Krukow
Batting: RHB Anthony Lachowetz 0-0: Ball
1-0: Called Strike
1-1: Ball
2-1: Ball
3-1: Foul Ball, location: 2F
3-2: Foul Ball, location: 2F
3-2: Foul Ball, location: 2F
3-2: Foul Ball, location: 2F
3-2: Foul Ball, location: 2F
3-2: Foul Ball, location: 2F
3-2: Foul Ball, location: 2F
3-2: Base on Balls
Batting: RHB German Rivera 0-0: Ball
1-0: Fly out, F4 (Line Drive, 4, EV 72.5 MPH)
Batting: RHB Brad Komminsk 0-0: Ball
Anthony Lachowetz steals 2nd base
1-0: Called Strike
1-1: SINGLE (Groundball, 56, EV 105.6 MPH)
Anthony Lachowetz to third
Runner from 3rd tries for Home, SAFE, throw by LF to home
Batting: LHB Dave Kable 0-0: Ball
1-0: Ball
2-0: Swinging Strike
2-1: Ball
3-1: Foul Ball, location: 2F
3-2: SINGLE (Groundball, 6MD, EV 101.9 MPH)
Brad Komminsk to second
Runner from 2nd tries for 3rd, OUT! 8-5
Batting: RHB Mike Rex 0-0: Ball
1-0: Swinging Strike
1-1: Ground out 1-3 (Groundball, 13S, EV 67.5 MPH)
Bottom of the 1st over - 1 run, 2 hits, 0 errors, 1 left on base; Syracuse 0 - Tidewater 1
TOP OF THE 2ND
Syracuse Chiefs batting - Pitching for Tidewater Tides : RHP Gary Sarno
Batting: RHB Jim G Wilson 0-0: Ball
1-0: Called Strike
1-1: Ball
2-1: Fly out, F7 (Flyball, 78M, EV 93.1 MPH)
Batting: LHB Paul O'Neill 0-0: Ground out U3 (Groundball, 3, EV 88.8 MPH)
Batting: RHB Bobby Grich 0-0: Called Strike
0-1: Ball
1-1: Swinging Strike
1-2: Ball
2-2: Ground out 4-3 (Groundball, 4, EV 83.1 MPH)
Top of the 2nd over - 0 runs, 0 hits, 0 errors, 0 left on base; Syracuse 0 - Tidewater 1
BOTTOM OF THE 2ND
Tidewater Tides batting - Pitching for Syracuse Chiefs : RHP Mike Krukow
Batting: RHB George Gomez 0-0: Ball
1-0: Ground out 5-3 (Groundball, 56S, EV 84.4 MPH)
Batting: RHB Thomas Walker 0-0: Called Strike
0-1: Called Strike
0-2: Strikes out swinging
Batting: SHB Julio Valdez 0-0: Swinging Strike
0-1: Foul Ball, location: 2F
0-2: Ball
1-2: Ball
2-2: SINGLE (Groundball, 56S, EV 75.6 MPH) (infield hit)
Batting: RHB Steve Liddle 0-0: Ball
1-0: Called Strike
Julio Valdez steals 2nd base
1-1: Ball
2-1: Ball
3-1: Swinging Strike
3-2: SINGLE (Line Drive, 34D, EV 94.4 MPH)
Julio Valdez to third
Julio Valdez scores
Batting: RHB Anthony Lachowetz 0-0: Ball
1-0: Ball
2-0: Ball
3-0: Base on Balls
Steve Liddle to second
Batting: RHB German Rivera 0-0: Called Strike
0-1: Foul Ball, location: 2F
0-2: Foul Ball, location: 2F
0-2: Ball
1-2: Foul Ball, location: 2F
1-2: Ball
2-2: Strikes out swinging
Bottom of the 2nd over - 1 run, 2 hits, 0 errors, 2 left on base; Syracuse 0 - Tidewater 2
TOP OF THE 3RD
Syracuse Chiefs batting - Pitching for Tidewater Tides : RHP Gary Sarno
Batting: LHB Danny Goodwin 0-0: Ball
1-0: Called Strike
1-1: Foul Ball, location: 2F
1-2: Ball
2-2: Ball
3-2: Strikes out swinging
Batting: LHB Jon Jimenez 0-0: SINGLE (Line Drive, 9S, EV 85.6 MPH)
Batting: LHB Darryl Strawberry 0-0: Ball
1-0: Ball
2-0: Fly out, F7 (Flyball, 78S, EV 85.6 MPH)
Batting: RHB Phil Garner 0-0: Ball
1-0: Foul Ball, location: 2F
1-1: Fly out, F8 (Line Drive, 8RD, EV 97.5 MPH)
Top of the 3rd over - 0 runs, 1 hit, 0 errors, 1 left on base; Syracuse 0 - Tidewater 2
BOTTOM OF THE 3RD
Tidewater Tides batting - Pitching for Syracuse Chiefs : RHP Mike Krukow
Batting: RHB Brad Komminsk 0-0: Ball
1-0: Swinging Strike
1-1: Swinging Strike
1-2: Foul Ball, location: 2F
1-2: Ball
2-2: Fly out, F9 (Flyball, 9, EV 88.1 MPH)
Batting: LHB Dave Kable 0-0: Ground out 1-3 (Groundball, 13S, EV 60.6 MPH)
Batting: RHB Mike Rex 0-0: Called Strike
0-1: Ball
1-1: Ball
2-1: Ball
3-1: SINGLE (Flyball, 5D, EV 98.8 MPH)
Batting: RHB George Gomez 0-0: Foul Ball, location: 2F
0-1: Ball
1-1: Ball
2-1: DOUBLE (Groundball, 5L, EV 105.6 MPH)
Mike Rex to third
Runner from 3rd tries for Home, SAFE, no throw by LF
Batting: RHB Thomas Walker 0-0: Called Strike
0-1: Ball
1-1: Foul Ball, location: 2F
1-2: Strikes out swinging
Bottom of the 3rd over - 1 run, 2 hits, 0 errors, 1 left on base; Syracuse 0 - Tidewater 3
TOP OF THE 4TH
Syracuse Chiefs batting - Pitching for Tidewater Tides : RHP Gary Sarno
Batting: RHB Dave Meier 0-0: Called Strike
0-1: Swinging Strike
0-2: Ball
1-2: Strikes out looking
Batting: LHB Wayne Gross 0-0: Called Strike
0-1: Ball
1-1: Ball
2-1: Called Strike
2-2: Ground out 2-3 (Groundball, 13S, EV 70.6 MPH)
Batting: RHB Jim G Wilson 0-0: Called Strike
0-1: Swinging Strike
0-2: Ball
1-2: Ball
2-2: Foul Ball, location: 2F
2-2: Strikes out swinging
Top of the 4th over - 0 runs, 0 hits, 0 errors, 0 left on base; Syracuse 0 - Tidewater 3
BOTTOM OF THE 4TH
Tidewater Tides batting - Pitching for Syracuse Chiefs : RHP Mike Krukow
Batting: SHB Julio Valdez 0-0: Called Strike
0-1: Ball
1-1: Ball
2-1: Fly out, F6 (Flyball, 56D, EV 89.4 MPH)
Batting: RHB Steve Liddle 0-0: Ball
1-0: Swinging Strike
1-1: Fly out, F7 (Flyball, 78S, EV 89.4 MPH)
Batting: RHB Anthony Lachowetz 0-0: Ball
1-0: Swinging Strike
1-1: Ball
2-1: Foul Ball, location: 2F
2-2: Ball
3-2: Foul Ball, location: 2F
3-2: Ground out 1-3 (Groundball, 34S, EV 66.9 MPH)
Bottom of the 4th over - 0 runs, 0 hits, 0 errors, 0 left on base; Syracuse 0 - Tidewater 3
TOP OF THE 5TH
Syracuse Chiefs batting - Pitching for Tidewater Tides : RHP Gary Sarno
Batting: LHB Paul O'Neill 0-0: SINGLE (Line Drive, 4D, EV 94.4 MPH)
Batting: RHB Bobby Grich 0-0: Swinging Strike
0-1: Ball
1-1: Ball
2-1: Foul Ball, location: 2F
2-2: Fly out, F9 (Flyball, 89M, EV 97.5 MPH)
Batting: LHB Danny Goodwin 0-0: Swinging Strike
0-1: Ball
1-1: Grounds into double play, 4-6-3 (Groundball, 4, EV 104.4 MPH)
Top of the 5th over - 0 runs, 1 hit, 0 errors, 0 left on base; Syracuse 0 - Tidewater 3
BOTTOM OF THE 5TH
Tidewater Tides batting - Pitching for Syracuse Chiefs : RHP Mike Krukow
Batting: RHB German Rivera 0-0: Ground out 5-3 (Groundball, 56, EV 104.4 MPH)
Batting: RHB Brad Komminsk 0-0: Ball
1-0: Called Strike
1-1: Ball
2-1: SINGLE (Line Drive, 8RS, EV 108.1 MPH)
Batting: LHB Dave Kable 0-0: Ball
1-0: Swinging Strike
1-1: Fly out, F7 (Line Drive, 7, EV 98.1 MPH)
Batting: RHB Mike Rex 0-0: Ball
1-0: Reached on error, E4 (Groundball, 4M, EV 78.8 MPH)
Brad Komminsk to second
Batting: RHB George Gomez 0-0: Called Strike
0-1: Fly out, F4 (Line Drive, 4, EV 71.9 MPH)
Bottom of the 5th over - 0 runs, 1 hit, 1 error, 2 left on base; Syracuse 0 - Tidewater 3
TOP OF THE 6TH
Syracuse Chiefs batting - Pitching for Tidewater Tides : RHP Gary Sarno
Batting: LHB Jon Jimenez 0-0: Ball
1-0: Called Strike
1-1: Ground out U3 (Groundball, 3L, EV 106.3 MPH)
Batting: LHB Darryl Strawberry 0-0: Ground out U3 (Groundball, 3, EV 80.6 MPH)
Batting: RHB Phil Garner 0-0: Ball
1-0: Ground out 4-3 (Groundball, 4, EV 99.4 MPH)
Top of the 6th over - 0 runs, 0 hits, 0 errors, 0 left on base; Syracuse 0 - Tidewater 3
BOTTOM OF THE 6TH
Tidewater Tides batting - Pitching for Syracuse Chiefs : RHP Mike Krukow
Batting: RHB Thomas Walker 0-0: Foul Ball, location: 2F
0-1: Swinging Strike
0-2: Foul Ball, location: 2F
0-2: Ball
1-2: Strikes out swinging
Batting: SHB Julio Valdez 0-0: Called Strike
0-1: Ball
1-1: SINGLE (Groundball, 6MS, EV 73.8 MPH) (infield hit)
Batting: RHB Steve Liddle 0-0: Fly out, F4 (Flyball, 4MD, EV 87.5 MPH)
Batting: RHB Anthony Lachowetz 0-0: SINGLE (Groundball, 4MD, EV 96.3 MPH)
Julio Valdez to second
Runner from 2nd tries for 3rd, SAFE, throw by CF made to third
Batting: RHB German Rivera 0-0: Swinging Strike
0-1: Foul Ball, location: 2F
0-2: Ball
1-2: Fly out, F8 (Line Drive, 8RD, EV 90.0 MPH)
Bottom of the 6th over - 0 runs, 2 hits, 0 errors, 2 left on base; Syracuse 0 - Tidewater 3
TOP OF THE 7TH
Syracuse Chiefs batting - Pitching for Tidewater Tides : RHP Gary Sarno
Batting: RHB Dave Meier 0-0: Ball
1-0: Called Strike
1-1: Ball
2-1: TRIPLE (Flyball, 89XD, EV 105.0 MPH)
Batting: LHB Wayne Gross 0-0: Called Strike
0-1: Foul Ball, location: 2F
0-2: Foul Ball, location: 2F
0-2: Foul Ball, location: 2F
0-2: Strikes out swinging
Batting: RHB Jim G Wilson 0-0: Ball
1-0: Fly out, F8 (Flyball, 8LXD, EV 107.5 MPH)
Runner from 3rd tags up, SCORES, no throw by CF
Batting: LHB Paul O'Neill 0-0: Ground out 6-3 (Groundball, 6, EV 84.4 MPH)
Top of the 7th over - 1 run, 1 hit, 0 errors, 0 left on base; Syracuse 1 - Tidewater 3
BOTTOM OF THE 7TH
Tidewater Tides batting - Pitching for Syracuse Chiefs : RHP Mike Krukow
Batting: RHB Brad Komminsk 0-0: Foul Ball, location: 2F
0-1: Called Strike
0-2: Ball
1-2: Ball
2-2: Fly out, F8 (Flyball, 8RXD, EV 97.5 MPH)
Batting: LHB Dave Kable 0-0: Ball
1-0: Called Strike
1-1: SINGLE (Flyball, 34D, EV 88.1 MPH)
Batting: RHB Mike Rex 0-0: Ball
1-0: Foul Ball, location: 2F
1-1: Foul Ball, location: 2F
1-2: Grounds into double play, 1-6-3 (Groundball, 13, EV 68.8 MPH)
Bottom of the 7th over - 0 runs, 1 hit, 0 errors, 0 left on base; Syracuse 1 - Tidewater 3
TOP OF THE 8TH
Syracuse Chiefs batting - Pitching for Tidewater Tides : RHP Gary Sarno
Now in RF: Juan Garcia
Batting: RHB Bobby Grich 0-0: Foul Ball, location: 2F
0-1: Ball
1-1: Swinging Strike
1-2: Fly out, F8 (Flyball, 78D, EV 95.0 MPH)
Batting: LHB Danny Goodwin 0-0: Ball
1-0: Ball
2-0: SINGLE (Groundball, 4MS, EV 66.3 MPH) (infield hit)
Batting: LHB Jon Jimenez 0-0: Ball
1-0: Called Strike
1-1: Ball
2-1: Ball
3-1: Base on Balls
Danny Goodwin to second
Batting: LHB Darryl Strawberry 0-0: Called Strike
0-1: Ball
1-1: Swinging Strike
1-2: Ball
2-2: Strikes out swinging
Batting: RHB Phil Garner 0-0: Foul Ball, location: 2F
0-1: Fly out, F4 (Popup, 23, EV 88.1 MPH)
Top of the 8th over - 0 runs, 1 hit, 0 errors, 2 left on base; Syracuse 1 - Tidewater 3
BOTTOM OF THE 8TH
Tidewater Tides batting - Pitching for Syracuse Chiefs : RHP Mike Krukow
Batting: RHB Juan Garcia 0-0: Ball
1-0: Called Strike
1-1: Ball
2-1: Called Strike
2-2: SINGLE (Groundball, 6MD, EV 103.1 MPH)
Batting: RHB Thomas Walker 0-0: Ball
1-0: Ball
2-0: Called Strike
2-1: Bunt - Flyout to 15! F1
Batting: SHB Julio Valdez 0-0: Swinging Strike
0-1: Ball
1-1: Fielders Choice at 2nd, 6-4 (Groundball, 6, EV 85.0 MPH)
Batting: RHB Steve Liddle 0-0: Ball
Julio Valdez steals 2nd base
1-0: Ground out 6-3 (Groundball, 6, EV 83.1 MPH)
Bottom of the 8th over - 0 runs, 1 hit, 0 errors, 1 left on base; Syracuse 1 - Tidewater 3
TOP OF THE 9TH
Syracuse Chiefs batting - Pitching for Tidewater Tides : RHP Gary Sarno
Pitching: RHP Salome Barojas
Batting: RHB Dave Meier 0-0: Fly out, F8 (Flyball, 8RXD, EV 90.6 MPH)
Batting: LHB Wayne Gross 0-0: Ball
1-0: Fly out, F8 (Flyball, 89M, EV 93.1 MPH)
Batting: RHB Jim G Wilson 0-0: Foul Ball, location: 2F
0-1: Ball
1-1: Ball
2-1: Ball
3-1: Base on Balls
Batting: LHB Paul O'Neill 0-0: SINGLE (Groundball, 4MS, EV 72.5 MPH) (infield hit)
Jim G Wilson to second
Batting: RHB Bobby Grich 0-0: Ball
1-0: Called Strike
1-1: Called Strike
1-2: Foul Ball, location: 2F
1-2: Ball
2-2: Ball
3-2: Foul Ball, location: 2F
3-2: Fly out, F9 (Flyball, 9S, EV 89.4 MPH)
Top of the 9th over - 0 runs, 1 hit, 0 errors, 2 left on base; Syracuse 1 - Tidewater 3
Wednesday, August 26th, 2020 - OOTP Baseball 21.5 Build 76